 Dungeon Crawl Stone Soup version 0.21.1-1-g345015f (webtiles) character file.

639 wojtek the Destroyer (level 7, -2/36 HPs)
             Began as a Kobold Conjurer on Apr 1, 2018.
             Was an Initiate of Vehumet.
             Slain by a scorpion (3 damage)
             ... in an ossuary.
             The game lasted 00:10:43 (5120 turns).

wojtek the Destroyer (Kobold Conjurer)              Turns: 5120, Time: 00:10:44

Health: -2/36      AC:  4    Str:  7    XL:     7   Next: 80%
Magic:  10/10      EV: 15    Int: 18    God:    Vehumet [......]
Gold:   144        SH:  0    Dex: 18    Spells: 5/10 levels left

rFire    + . .     SeeInvis .   e - +0 short sword
rCold    + . .     Gourm    .   (shield restricted)
rNeg     . . .     Faith    .   a - +0 robe
rPois    +         Spirit   .   q - +0 hat
rElec    +         Reflect  .   (no cloak)
rCorr    +         Harm     .   m - +1 pair of gloves
MR       .....     Clarity  +   (no boots)
Stlth    ++........             (no amulet)
HPRegen  0.12/turn              (no ring)
MPRegen  0.12/turn              (no ring)

@: lethally poisoned (-2 -> -13), resistant
A: small, agile 1, carnivore, clarity, screaming 1, strong 1
a: Renounce Religion


You were in an ossuary.
You worshipped Vehumet.
Vehumet was noncommittal.
You were not hungry.

You visited 1 branch of the dungeon, and saw 4 of its levels.
You also visited: Ossuary.

You collected 144 gold pieces.

Inventory:

Hand Weapons
 e - a +0 short sword (weapon)
 r - a +0 blowgun
 x - a +0 arbalest
Missiles
 s - 10 poisoned needles
Armour
 a - a +0 robe (worn)
 m - a +1 pair of gloves (worn)
 q - a +0 hat (worn)
Wands
 t - a wand of flame (15)
 w - a wand of polymorph (10)
Scrolls
 d - a scroll of enchant weapon {unknown}
 f - a scroll of fog {unknown}
 h - a scroll of magic mapping {unknown}
 i - a scroll of teleportation {unknown}
 k - a scroll of amnesia {unknown}
 l - a scroll of fear {unknown}
 n - 3 scrolls of identify {unknown}
 o - a scroll of random uselessness {unknown}
 p - 3 scrolls of remove curse {unknown}
Potions
 g - a potion of resistance
Books
 b - a book of Conjurations

   Spells                             Type                      Level
   a - Magic Dart                     Conjuration                  1
   b - Searing Ray                    Conjuration                  2
   c - Dazzling Spray                 Conjuration/Hexes            3
   d - Fulminant Prism                Conjuration/Hexes            4
   e - Force Lance                    Conjuration/Translocation    4
   f - Iskenderun's Mystic Blast      Conjuration                  4
Comestibles
 c - 9 rations


   Skills:
 - Level 2.4 Dodging
 - Level 2.6 Stealth
 - Level 2.1 Spellcasting
 + Level 9.0 Conjurations


You had 5 spell levels left.
You knew the following spells:

 Your Spells              Type           Power        Failure   Level  Hunger
a - Magic Dart            Conj           ####         1%          1    #......
b - Iskenderun's Mystic   Conj           ####....     4%          4    #####..


Dungeon Overview and Level Annotations

Branches:
Dungeon (4/15)
 Temple: D:4-7

Altars:
Dithmenos
Fedhas
Vehumet
Wu Jian

Annotations:
D:1 exclusion: downstairs
D:3 Agrougrou's ghost, amateur FoFi


Innate Abilities, Weirdness & Mutations

You are small and have problems with some larger weapons.
You are carnivorous and can eat meat at any time.
You are agile. (Dex +2)
You possess an exceptional clarity of mind.
You occasionally shout uncontrollably at your foes.
Your muscles are strong. (Str +2)


Message History

You feel sick. The scorpion stings you.
You are more poisoned.
The scorpion poisons you!
You hit the scorpion.
The scorpion is almost dead.
You feel sick. The scorpion stings you.
An arrow hits the scorpion zombie, but does no damage!
It was a potion of resistance.
You feel protected.
You feel sick. The scorpion stings you!
* * * LOW HITPOINT WARNING * * *
It was a potion of mutation.
You feel extremely strange.
Your thoughts seem clearer.
You feel agile.
You feel the urge to shout.
You feel stronger.
* * * LOW HITPOINT WARNING * * *
You feel sick. The scorpion barely misses you.
It was a potion of magic.
Magic courses through your body.
* * * LOW HITPOINT WARNING * * *
You feel sick. The scorpion zombie closely misses you. The scorpion stings you.
You die...

###8.....8##
#..........Z
#...........
#.....8.....
#.....#..... #.....#
..s. ##########'######
+# #...#...#s^.#!??#
#...8...@Z.^#M..+
#.......#...#..=#
##8...8##############
#.......#...#...#...#
#...8...#...8...'.∩.#
#...#...#.......#...#
######'###8...8###'##
#.!Z#..^#.......#...#
.'..s#...'...8...#.∩.#


You could see a mummy, a scorpion and a scorpion zombie.

Vanquished Creatures
  Sigmund (D:2)
  A phantom (D:4)
  2 scorpions (Ossuary)
  2 orc priests
  A centaur zombie (Ossuary)
  2 orc wizards
  A centaur skeleton (D:4)
  2 adders (D:2)
  2 scorpion zombies (Ossuary)
  An ooze (D:2)
  2 worms (D:2)
  3 dart slugs (D:1)
  A leopard gecko (D:1)
  5 orcs
  A giant cockroach (D:3)
  6 goblins
  7 hobgoblins
  10 jackals (D:2)
  11 kobolds
  3 quokkas
  A ball python (D:1)
  5 bats
  3 frilled lizards
  A goblin zombie (Ossuary)
  A kobold zombie (Ossuary)
  A leopard gecko skeleton (D:4)
  An orc zombie (Ossuary)
  11 rats
88 creatures vanquished.

Vanquished Creatures (others)
  A mummy (Ossuary)
1 creature vanquished.

Grand Total: 89 creatures vanquished

Notes
Turn   | Place    | Note
-------+----------+-------------------------------------------
     0 | D:1      | wojtek the Kobold Conjurer began the quest for the Orb.
     0 | D:1      | Reached XP level 1. HP: 10/10 MP: 3/3
   178 | D:1      | Reached XP level 2. HP: 5/15 MP: 0/5
   735 | D:1      | Reached XP level 3. HP: 17/19 MP: 6/6
   933 | D:1      | Reached skill level 5 in Conjurations
  1419 | D:2      | Noticed Sigmund
  1533 | D:2      | Found a blossoming altar of Fedhas.
  1614 | D:2      | Found a radiant altar of Vehumet.
  1630 | D:2      | Reached XP level 4. HP: 24/24 MP: 4/7
  1736 | D:2      | HP: 1/36 [poisoned by an adder]
  2433 | D:2      | You fall through a shaft!
  2471 | D:3      | Noticed Agrougrou's ghost (amateur FoFi)
  2804 | D:3      | Found a shadowy altar of Dithmenos.
  2824 | D:3      | Reached XP level 5. HP: 28/28 MP: 0/8
  2904 | D:2      | Reached skill level 6 in Conjurations
  3168 | D:2      | Reached XP level 6. HP: 29/32 MP: 0/9
  3253 | D:2      | Learned a level 4 spell: Iskenderun's Mystic Blast
  3486 | D:2      | Found an ornate altar of the Wu Jian Council.
  3520 | D:2      | Became a worshipper of Vehumet
  3733 | D:3      | Reached skill level 7 in Conjurations
  3918 | D:2      | Killed Sigmund
  3918 | D:2      | Reached XP level 7. HP: 27/36 MP: 2/10
  4253 | D:4      | Reached skill level 8 in Conjurations
  4578 | D:4      | Found a sand-covered staircase.
  4582 | Ossuary  | Entered an ossuary
  5104 | Ossuary  | Reached skill level 9 in Conjurations
  5119 | Ossuary  | Gained mutation: You possess an exceptional clarity of mind. [potion of mutation]
  5119 | Ossuary  | Gained mutation: You are agile. (Dex +2) [potion of mutation]
  5119 | Ossuary  | Gained mutation: You occasionally shout uncontrollably at your foes. [potion of mutation]
  5119 | Ossuary  | Gained mutation: Your muscles are strong. (Str +2) [potion of mutation]
  5120 | Ossuary  | HP: 1/36 [poisoned by a scorpion]
  5120 | Ossuary  | Slain by a scorpion

Skill      XL: |  1  2  3  4  5  6  7 |
---------------+----------------------+-----
Conjurations   | 5 6 7 9 |  9.0
Dodging        | |  2.4
Stealth        | |  2.6
Spellcasting   | |  2.1

Action                   |  1- 3 |  4- 6 |  7- 9 || total
-------------------------+-------+-------+-------++-------
Melee: Short sword       |    93 |    48 |    32 ||   173
 Cast: Magic Dart        |    44 |    96 |    77 ||   217
       Iskenderun's Myst |       |     4 |     3 ||     7
  Use: Potion            |       |     4 |     3 ||     7
 Stab: Distracted        |     1 |       |       ||     1
       Sleeping          |       |     1 |     1 ||     2
  Eat: Chunk             |    11 |     8 |     2 ||    21
Armor: Robe              |    32 |    28 |     6 ||    66
Dodge: Dodged            |   117 |    77 |    38 ||   232
